 Dungeon Crawl Stone Soup version 0.24-a0-415-g6d73c25c48 (webtiles) character file.

Game seed: 381072061174734279

137 ohad the Changer (level 5, -7/33 HPs)
             Began as an Octopode Transmuter on June 7, 2019.
             Killed from afar by Terence (11 damage)
             ... with a puff of flame
             ... on level 3 of the Dungeon.
             The game lasted 00:08:18 (2575 turns).

ohad the Changer (Octopode Transmuter)              Turns: 2575, Time: 00:08:19

Health: -7/33      AC:  1    Str:  9    XL:     5   Next: 20%
Magic:  3/10       EV: 13    Int: 17    God:
Gold:   141        SH:  0    Dex: 12    Spells: 1/11 levels left

rFire    . . .     SeeInvis .     - Unarmed
rCold    . . .     Gourm    .   (no shield)
rNeg     . . .     Faith    .   (helmet restricted)
rPois    .         Spirit   .   (no amulet)
rElec    .         Reflect  .   (no ring)
rCorr    .         Harm     .   (no ring)
MR       .....                  (no ring)
Stlth    ++........             (no ring)
HPRegen  0.11/turn              (no ring)
MPRegen  0.12/turn              (no ring)
                                (no ring)
                                (no ring)

@: no status effects
A: almost no armour, stealthy swim, amphibious, 8 rings, constrict 8, camouflage
1, gelatinous body 1
a: no special abilities


You were on level 3 of the Dungeon.
You were not hungry.

You visited 1 branch of the dungeon, and saw 3 of its levels.

You collected 141 gold pieces.

Inventory:

Hand Weapons
 q - a +1 dagger of venom
Missiles
 a - 5 arrows
 r - 7 atropa-tipped darts (quivered)
Scrolls
 f - 2 scrolls of fear {unknown}
 g - a scroll of remove curse {unknown}
 h - 2 scrolls of fog {unknown}
 i - 2 scrolls of immolation {unknown}
 j - 2 scrolls of teleportation {unknown}
 l - a scroll of enchant armour {unknown}
 n - 2 scrolls of identify {unknown}
 o - a scroll of blinking {unknown}
 p - a scroll of magic mapping {unknown}
Potions
 b - a potion of flight {unknown}
 e - a potion of haste {unknown}
 k - 3 potions of curing {unknown}
 m - a potion of degeneration {unknown}
Comestibles
 c - 7 rations
 d - 2 chunks of flesh


   Skills:
 - Level 1.0 Fighting
 - Level 2.0 Dodging
 - Level 3.0 Unarmed Combat
 - Level 3.5 Spellcasting
 - Level 3.6 Transmutations
 + Level 1.3 Ice Magic


You had one spell level left.
You knew the following spells:

 Your Spells              Type           Power        Failure   Level  Hunger
a - Beastly Appendage     Tmut           ###...       3%          1    None
b - Sticks to Snakes      Tmut           ###.....     5%          2    ##.....
c - Spider Form           Tmut/Pois      #.........   24%         3    ###....
d - Ice Form              Ice/Tmut       ##......     52%         4    ####...

Your spell library contained the following spells:

 Spells                   Type           Power        Failure   Level  Hunger
 Blade Hands              Tmut           ###.......   71%         5    ######.


Dungeon Overview and Level Annotations

Branches:
Dungeon (3/15)

Altars:
Makhleb

Annotations:
D:3 Terence


Innate Abilities, Weirdness & Mutations

You cannot wear most types of armour.
You are very stealthy in the water. (Stealth+)
You are amphibious.
You can wear up to eight rings at the same time.
You can use your tentacles to constrict eight enemies at once.
Your skin changes colour to match your surroundings (Stealth+).
Your rubbery body absorbs attacks. (AC +1, EV +1)


Message History

g - Guard the area. f - Follow me.
Anything else - Cancel.
Gang up on whom?
Press: ? - help, Dir - move target cursor, f - Terence
Aim: Terence, wielding a +0 trident of venom, wearing a +3 chain mail of fire resistance and carrying a wand of flame (7) Attack!
Your ball python barely misses Terence.
Your ball python closely misses Terence.
Terence zaps a wand.
The puff of flame hits your ball python!
Your ball python dies!
Casting: Sticks to Snakes (safe; 5% risk of failure)
Confirm with . or Enter, or press ? or * to list all spells.
You create a snake!
You now have 5 arrows.
Unknown command.
Terence asks, "Do you want it fast or slow?"
Your ball python bites Terence.
Your ball python barely misses Terence.
Terence hits your ball python with a +0 trident of venom.
Your ball python dies!
Terence zaps a wand.
The puff of flame hits you!
You die...

#.#.#.#.#
#.#.#.#@#
#.#.#)#.#
#@#.#.#.#
#.#.#)#.#
#.#.#.#.#
#.#.#.#.#
#.#.#.#.#
#.#.#.#@#
#.#.#(#.#
#.#.#<#.# ##
#.#.###.# .#
#.#.....# .#
#.####### .#
#.#
.#########.#
.#....@....#


You could see Terence.

Vanquished Creatures
  A hound (D:2)
  Robin (D:2)
  2 adders (D:2)
  An ooze (D:3)
  3 dart slugs
  2 leopard geckos
  An orc (D:3)
  A giant cockroach (D:1)
  13 goblins
  11 hobgoblins
  8 kobolds
  A ball python (D:1)
  10 bats
  3 frilled lizards (D:1)
  7 rats
65 creatures vanquished.

Notes
Turn   | Place    | Note
-------+----------+-------------------------------------------
     0 | D:1      | ohad the Octopode Transmuter began the quest for the Orb.
     0 | D:1      | Reached XP level 1. HP: 13/13 MP: 3/3
   204 | D:1      | Reached XP level 2. HP: 12/18 MP: 5/5
   211 | D:1      | Learned a level 2 spell: Sticks to Snakes
   868 | D:1      | Reached XP level 3. HP: 23/23 MP: 6/6
   873 | D:1      | Learned a level 3 spell: Spider Form
  1161 | D:2      | Noticed Robin
  1567 | D:2      | Found a burning altar of Makhleb.
  1575 | D:2      | Reached XP level 4. HP: 20/28 MP: 1/8
  2026 | D:2      | Killed Robin
  2121 | D:2      | Learned a level 4 spell: Ice Form
  2240 | D:2      | Reached XP level 5. HP: 29/33 MP: 6/10
  2396 | D:3      | Reached skill level 1 in Ice Magic
  2517 | D:3      | Noticed Terence
  2575 | D:3      | Killed from afar by Terence

Levels and vault maps discovered:
D:1:      lightli_arrival_maybe_door_vault, layout_loops_corners, minivault_11
D:2:      layout_basic, first_ration, makhleb_heckhound_becter, uniq_robin
D:3:      layout_basic, kennysheep_ying_yang, moated_statue,
          chequers_serial_rivers_micro_a, uniq_jessica, uniq_terence,
          uniq_sigmund

Skill      XL: |  1  2  3  4  5 |
---------------+----------------+-----
Transmutations | 3 |  3.6
Spellcasting   | 3 |  3.5
Ice Magic      | 1 |  1.3
Fighting       | |  1.0
Dodging        | |  2.0
Unarmed Combat | |  3.0

Action                   |  1- 3 |  4- 6 || total
-------------------------+-------+-------++-------
Melee: Unarmed           |    98 |    49 ||   147
       Tentacles         |    15 |     4 ||    19
       Constrict         |    25 |     7 ||    32
       Kick              |     4 |     1 ||     5
       Punch             |       |     1 ||     1
 Cast: Beastly Appendage |     7 |     2 ||     9
       Spider Form       |     3 |     5 ||     8
       Sticks to Snakes  |     1 |     6 ||     7
 Stab: Sleeping          |     4 |     1 ||     5
  Eat: Chunk             |     2 |     4 ||     6
Armor: Skin              |    15 |     3 ||    18
Dodge: Dodged            |    66 |    40 ||   106

Table legend:
 A = Non-vault XP
 B = Vault XP
 C = Vault XP percentage of total XP
 D = Non-vault monster count
 E = Vault monster count
 F = Vault count percentage of total count
                 A         B        C        D         E       F
            +---------+---------+-------+---------+---------+-------
      Total |     121 |      75 |  38.3 |      53 |      12 |  18.5
            +---------+---------+-------+---------+---------+-------
        D:1 |      48 |       2 |   4.0 |      28 |       1 |   3.4
        D:2 |      54 |      73 |  57.5 |      19 |      11 |  36.7
        D:3 |      19 |       0 |   0.0 |       6 |       0 |   0.0
            +---------+---------+-------+---------+---------+-------
